 Dungeon Crawl Stone Soup version 0.29-a0-557-g43b9904bd1 (webtiles) character file.

Game seed: 14002646109001671435

11 nobbins the Conjurer (level 2, 0/20 HPs)
             Began as a Draconian Conjurer on June 9, 2022.
             Was a Follower of Vehumet.
             Slain by a kobold
             ... wielding a +0 short sword
              (3 damage)
             ... on level 1 of the Dungeon.
             The game lasted 00:02:36 (388 turns).

nobbins the Conjurer (Draconian Conjurer)            Turns: 388, Time: 00:02:38

Health: 0/20       AC:  4    Str:  9    XL:     2   Next: 13%
Magic:  0/5        EV: 12    Int: 18    God:    Vehumet [*.....]
Gold:   19         SH:  0    Dex:  9    Spells: 4/5 levels left

rFire   . . .      SeeInvis .   b - +0 short sword
rCold   . . .      Faith    .   (no shield)
rNeg    . . .      Spirit   .   (body armour unavailable)
rPois   .          Reflect  .   (helmet restricted)
rElec   .          Harm     .   (no cloak)
rCorr   .          Rampage  .   (no gloves)
Will    .....                   (no boots)
Stlth   ++........              (no amulet)
HPRegen 0.06/turn               (no ring)
MPRegen 0.09/turn               (no ring)

@: very slightly contaminated
A: AC +4, unfitting armour, cold-blooded
a: Renounce Religion


You were on level 1 of the Dungeon.
You worshipped Vehumet.
Vehumet was aware of your devotion.
You visited 1 branch of the dungeon, and saw 1 of its levels.

You collected 19 gold pieces.

Inventory:

Hand Weapons
 b - a +0 short sword (weapon)
Potions
 a - a potion of magic


   Skills:
 + Level 2.0 Dodging
 + Level 2.0 Stealth
 + Level 2.2 Spellcasting
 + Level 4.1 Conjurations


You had 4 spell levels left.
You knew the following spells:

 Your Spells              Type           Power      Damage    Failure   Level
a - Magic Dart            Conj           64%        1d6       3%          1

Your spell library contained the following spells:

 Spells                   Type           Power      Damage    Failure   Level
 Freeze                   Ice            4%         1d3       19%         1
 Searing Ray              Conj           32%        2d5       4%          2
 Dazzling Flash           Conj/Hex       18%        N/A       22%         3
 Fulminant Prism          Conj/Hex       4%         3d6       58%         4
 Iskenderun's Mystic Bla  Conj/Tloc      9%         2d4       58%         4


Dungeon Overview and Level Annotations

Branches:
Dungeon (1/15)

Altars:
Vehumet


Innate Abilities, Weirdness & Mutations

Your plain brown scales are hard. (AC +4)
You cannot fit into any form of body armour.
You are cold-blooded and may be slowed by cold attacks.


Message History

You closely miss the kobold.
The kobold hits you with a +0 short sword.
You closely miss the kobold. The kobold barely misses you.
You hit the kobold but do no damage.
Your tail-slap misses the kobold.
The kobold hits you with a +0 short sword.
You barely miss the kobold. The kobold closely misses you.
The kobold hits you with a +0 short sword.
* * * LOW HITPOINT WARNING * * *
You hit the kobold.
You tail-slap the kobold, but do no damage.
The kobold is moderately wounded.
The kobold barely misses you.
You barely miss the kobold.
The kobold is moderately wounded.
The kobold hits you with a +0 short sword.
* * * LOW HITPOINT WARNING * * *
Casting: Magic Dart (safe; 3% risk of failure)
Confirm with . or Enter, or press ? or * to list all spells.
Aiming: Magic Dart (safe; 3% risk of failure)
Press: ? - help, Shift-Dir - straight line, f/p - kobold
Aim: a kobold, wielding a +0 short sword and quivering stones (moderately wounded, 100% to hit)
You miscast Magic Dart.
You are very lightly contaminated with residual magic.
Nothing appears to happen.
The kobold misses you.
Casting: Magic Dart (safe; 3% risk of failure)
Confirm with . or Enter, or press ? or * to list all spells.
Aiming: Magic Dart (safe; 3% risk of failure)
Press: ? - help, Shift-Dir - straight line, f/p - kobold
Aim: a kobold, wielding a +0 short sword and quivering stones (moderately wounded, 100% to hit)
You miscast Magic Dart.
Nothing appears to happen.
The kobold hits you but does no damage.
Casting: Magic Dart (safe; 3% risk of failure)
Confirm with . or Enter, or press ? or * to list all spells.
Aiming: Magic Dart (safe; 3% risk of failure)
Press: ? - help, Shift-Dir - straight line, f/p - kobold
Aim: a kobold, wielding a +0 short sword and quivering stones (moderately wounded, 100% to hit)
The magic dart hits the kobold.
The kobold is heavily wounded.
The kobold hits you with a +0 short sword.
You die...

#.# #.##.# #.# #.##.# #.#
#.##.# #.# #.##.# #.#
#.##.# #.# #.##.# #.#
#.##.# ####.###.##.######
#@K..............> .
#.##...)...#######
...###########.######.#.#
# ...............# ##.#.#
# .........#######
##....## # ...#####.#
####......### # ###.#
#........r..# # #...#
#.##......#g# ## #.###
#.###....##>###.


You could see a kobold.

Vanquished Creatures
  2 bats (D:1)
  An endoplasm (D:1)
  A goblin (D:1)
  2 hobgoblins (D:1)
  A quokka (D:1)
  A kobold (D:1)
  A rat (D:1)
9 creatures vanquished.

Notes
Turn   | Place    | Note
-------+----------+-------------------------------------------
     0 | D:1      | nobbins the Draconian Conjurer began the quest for the Orb.
     0 | D:1      | Reached XP level 1. HP: 14/14 MP: 3/3
   216 | D:1      | Found a faded altar of an unknown god.
   234 | D:1      | Prayed at the altar of an unknown god.
   234 | D:1      | Became a worshipper of Vehumet
   234 | D:1      | Reached * piety under Vehumet
   234 | D:1      | Offered knowledge of Freeze by Vehumet.
   334 | D:1      | Reached XP level 2. HP: 20/20 MP: 0/5
   388 | D:1      | Slain by a kobold

Illustrated notes

Levels and vault maps discovered:
D:1:      lemuel_arrival_muddy, layout_loops_ring,
          hellmonk_ecumenical_altar_run_dry, minmay_hexomino_c4

Skill      XL: |  1 |
---------------+----+-----
Stealth        | 2 |  2.0
Dodging        | 2 |  2.0
Spellcasting   | |  2.2
Conjurations   | |  4.1

Action                   || total
-------------------------++-------
Melee: Unarmed           ||    14
       Short sword       ||    21
       Tailslap          ||     4
 Cast: Magic Dart        ||    18
 Stab: Sleeping          ||     1
Armor: Skin              ||    17
Dodge: Dodged            ||    44

Table legend: (Time is in decaauts)
 A = Elapsed time spent in this place.
 B = Non-inter-level travel time spent in this place.
 C = Inter-level travel time spent in this place.
 D = Time resting spent in this place.
 E = Time spent auto-exploring this place.
 F = Levels seen in this place.
 G = Mean time per level.
                   A        B        C        D        E       F      G
               +--------+--------+--------+--------+--------+-----+--------+
         Total |    390 |    390 |      0 |      0 |    233 |   1 |  390.0 |
       Dungeon |    390 |    390 |      0 |      0 |    233 |   1 |  390.0 |
               +--------+--------+--------+--------+--------+-----+--------+

Top non-repeatable levels by time:
     D:1: 390 daAuts
